 Dungeon Crawl Stone Soup version 0.27-a0-1200-g94dc6ad4cf (webtiles) character file.

Game seed: 14353548115566024221

1341 funkygono the Firebug (level 8, -4/43 HPs)
             Began as a Gargoyle Fire Elementalist on May 30, 2021.
             Was an Initiate of Vehumet.
             Slain by a komodo dragon (12 damage)
             ... on level 6 of the Dungeon.
             The game lasted 00:14:44 (7314 turns).

funkygono the Firebug (Gargoyle Fire Elementalist)  Turns: 7314, Time: 00:14:45

Health: -4/43      AC: 10    Str: 14    XL:     8   Next: 62%
Magic:  14/15      EV: 16    Int: 16    God:    Vehumet [......]
Gold:   161        SH:  0    Dex: 10    Spells: 1/17 levels left

rFire    + + +     SeeInvis .   e - +0 mace (flame)
rCold    x . .     Faith    .   (no shield)
rNeg     + . .     Spirit   .   a - +0 robe
rPois    ∞         Reflect  .   (no helmet)
rElec    +         Harm     .   c - +0 cloak
rCorr    .         Rampage  .   l - +1 pair of gloves
Will     .....                  (no boots)
Stlth    ++........             t - amulet of magic regeneration
HPRegen  0.14/turn              u - +4 ring of evasion
MPRegen  0.39/turn              m - ring "Sinnef" {Wiz rF+++ rC-}

@: no status effects
A: sickness immunity, AC +5, negative energy resistance 1, electricity
resistance, torment resistance 1, petrification resistance
a: Renounce Religion


You were on level 6 of the Dungeon.
You worshipped Vehumet.
Vehumet was noncommittal.
You visited 2 branches of the dungeon, and saw 7 of its levels.

You collected 161 gold pieces.

Inventory:

Hand Weapons
 e - a +0 mace of flaming (weapon)
Missiles
 i - 162 stones
 q - a throwing net
Armour
 a - a +0 robe (worn)
 b - a +0 ring mail
 c - a +0 cloak (worn)
 f - a +0 pair of gloves
 j - a +0 leather armour
 l - a +1 pair of gloves (worn)
 w - a +0 kite shield of positive energy
Jewellery
 k - an amulet of faith
 m - the ring "Sinnef" (right hand) {Wiz rF+++ rC-}
   (You acquired it on level 4 of the Dungeon)

   [ring of wizardry]

   It improves your spell success rate.
   It renders you almost immune to fire.
   It makes you vulnerable to cold.
 t - an amulet of magic regeneration (around neck)
 u - a +4 ring of evasion (left hand)
Scrolls
 p - a scroll of identify
 v - a scroll of silence
Potions
 d - 2 potions of curing
 g - 2 potions of invisibility {unknown}
 h - 2 potions of mutation
 n - 2 potions of flight
 o - 3 potions of resistance
 r - a potion of might {unknown}
 s - a potion of heal wounds {unknown}


   Skills:
 + Level 1.5 Fighting
 + Level 3.0 Maces & Flails
 + Level 2.4 Dodging
 - Level 2.1 Stealth
 * Level 5.3 Spellcasting
 * Level 5.0 Conjurations
 * Level 1.5 Hexes
 * Level 6.2 Fire Magic


You had one spell level left.
You knew the following spells:

 Your Spells              Type           Power      Damage    Failure   Level
a - Foxfire               Conj/Fire      88%        2x1d8     1%          1
b - Conjure Flame         Conj/Fire      22%        6-21      1%          3
c - Inner Flame           Hex/Fire       16%        N/A       3%          3
d - Sticky Flame          Conj/Fire      22%        2d4       6%          4
e - Fireball              Conj/Fire      11%        3d7       16%         5

Your spell library contained the following spells:

 Spells                   Type           Power      Damage    Failure   Level
 Magic Dart               Conj           80%        1d7       1%          1
 Beastly Appendage        Tmut           8%         N/A       6%          1
 Searing Ray              Conj           40%        3d4       1%          2
 Dazzling Flash           Conj/Hex       28%        N/A       4%          3
 Wereblood                Tmut           4%         N/A       9%          2
 Fulminant Prism          Conj/Hex       7%         3d7       16%         4
 Spider Form              Tmut/Pois      2%         N/A       17%         3
 Iskenderun's Mystic Bla  Conj/Tloc      12%        2d5       21%         4
 Ice Form                 Ice/Tmut       4%         N/A       50%         4
 Hydra Form               Tmut           2%         N/A       82%         5


Dungeon Overview and Level Annotations

Branches:
Dungeon (6/15)             Temple (1/1) D:6

Altars:
Ashenzari
Cheibriados
Dithmenos
Elyvilon
Fedhas
Gozag
Kikubaaqudgha
Makhleb
Okawaru
Qazlal
Ru
Trog
Uskayaw
Vehumet
Wu Jian
Yredelemnul
Zin
The Shining One

Shops:
D:4 *


Innate Abilities, Weirdness & Mutations

You are immune to sickness and miasma.
Your stone body is resilient. (AC +5)
You are immune to poison.
You resist negative energy. (rN+)
You are resistant to electric shocks. (rElec)
You are resistant to unholy torment.
You are immune to petrification.


Message History

Okay, then.
Casting: Inner Flame (dangerous; 3% risk of failure)
Confirm with . or Enter, or press ? or * to list all spells.
The spell is quite dangerous to cast (6% risk of failure)!
Continue anyway?
Okay, then.
A komodo dragon is nearby!
Unknown command.
You hit the komodo dragon but do no damage.
The komodo dragon is heavily wounded.
The komodo dragon completely misses you.
Your magical contamination has completely faded away.
Casting: Sticky Flame (quite dangerous; 6% risk of failure)
Confirm with . or Enter, or press ? or * to list all spells.
You conjure some foxfire!
The komodo dragon bites you.
* * * LOW HITPOINT WARNING * * *
You barely miss the komodo dragon.
The komodo dragon is heavily wounded.
The foxfire hits the komodo dragon but does no damage.
The komodo dragon is heavily wounded.
The foxfire hits the komodo dragon but does no damage.
The komodo dragon is heavily wounded.
The komodo dragon bites you.
* * * LOW HITPOINT WARNING * * *
You feel better. The komodo dragon bites you!
* * * LOW HITPOINT WARNING * * *
Casting: Foxfire (safe; 1% risk of failure)
Confirm with . or Enter, or press ? or * to list all spells.
You conjure some foxfire!
The komodo dragon bites you but does no damage.
You hit the komodo dragon but do no damage.
The komodo dragon is heavily wounded.
The foxfire hits the komodo dragon.
The komodo dragon is heavily wounded.
The foxfire hits the komodo dragon.
The komodo dragon is heavily wounded.
The komodo dragon bites you but does no damage.
You hit the komodo dragon. You burn the komodo dragon.
The komodo dragon is severely wounded.
The komodo dragon bites you!
You die...

. . # ###### .#
###...§##..#
##.....§@l..##.
#...###.........
##..####............
##..##.............
##................#
#.................
##.................#
#...................###
#......................


You could see a komodo dragon.

Vanquished Creatures
  An ice beast (D:5)
  2 black bears (D:5)
  2 centaurs
  A kobold brigand (D:4)
  A bullfrog (D:4)
  2 scorpions (D:4)
  A centaur zombie (D:5)
  A bullfrog zombie (D:6)
  A centaur skeleton (D:5)
  3 hounds
  A jelly (D:5)
  2 bullfrog skeletons (D:5)
  2 iguanas
  Natasha (twice) (D:4)
  An orc wizard (D:3)
  4 gnolls (D:3)
  2 howler monkey skeletons (D:5)
  10 adders
  3 worms
  2 dart slugs (D:3)
  7 orcs
  7 endoplasms
  3 giant cockroaches
  9 hobgoblins
  20 jackals
  5 kobolds
  4 quokkas
  8 ball pythons
  A ball python zombie (D:3)
  4 bats (D:3)
  A frilled lizard (D:2)
  7 goblins
  3 rats
123 creatures vanquished.

Vanquished Creatures (others)
  449 foxfires
449 creatures vanquished.

Grand Total: 572 creatures vanquished

Notes
Turn   | Place    | Note
-------+----------+-------------------------------------------
     0 | D:1      | funkygono the Gargoyle Fire Elementalist began the quest
                  | for the Orb.
     0 | D:1      | Reached XP level 1. HP: 10/10 MP: 3/3
   144 | D:1      | Reached XP level 2. HP: 6/16 MP: 0/5
   902 | D:2      | Reached XP level 3. HP: 17/20 MP: 1/6
   909 | D:2      | Learned a level 3 spell: Conjure Flame
  1001 | D:2      | Found a faded altar of an unknown god.
  1580 | D:2      | Reached XP level 4. HP: 24/24 MP: 4/7
  2041 | D:2      | Learned a level 3 spell: Inner Flame
  2338 | D:3      | Found a sacrificial altar of Ru.
  2572 | D:3      | Reached skill level 4 in Fire Magic
  2762 | D:3      | Reached XP level 5. HP: 28/28 MP: 6/9
  3975 | D:3      | Found a glowing silver altar of Zin.
  4007 | D:3      | Reached skill level 1 in Maces & Flails
  4322 | D:4      | Reached XP level 6. HP: 33/33 MP: 6/11
  4530 | D:4      | Noticed Natasha
  4534 | D:4      | Killed Natasha
  4771 | D:4      | Reached skill level 5 in Fire Magic
  5006 | D:4      | Reached XP level 7. HP: 37/37 MP: 8/13
  5046 | D:4      | Found Zuhoef's Elemental Accessories.
  5052 | D:4      | Learned a level 4 spell: Sticky Flame
  5056 | D:4      | Noticed Natasha
  5059 | D:4      | Killed Natasha
  5180 | D:4      | Reached skill level 1 in Fighting
  5396 | D:4      | Identified a scroll of acquirement
  5396 | D:4      | Acquired the ring "Sinnef" {Wiz rF+++ rC-}
  5441 | D:5      | Entered Level 5 of the Dungeon
  5751 | D:5      | Reached XP level 8. HP: 43/43 MP: 13/15
  5969 | D:5      | Reached skill level 5 in Spellcasting
  6232 | D:5      | Reached skill level 6 in Fire Magic
  6433 | D:5      | Reached skill level 1 in Hexes
  6743 | D:5      | Learned a level 5 spell: Fireball
  6821 | D:6      | Found a staircase to the Ecumenical Temple.
  6840 | D:6      | Reached skill level 5 in Conjurations
  6859 | Temple   | Entered the Ecumenical Temple
  6962 | Temple   | Became a worshipper of Vehumet
  7299 | D:6      | Noticed a komodo dragon
  7314 | D:6      | Slain by a komodo dragon

Illustrated notes

Levels and vault maps discovered:
D:1:      scummos_arrival_simple_crosswalls, layout_rooms
D:2:      layout_basic, shapermc_ecumenical_altar_starsandcircs,
          nicolae_underground_beach
D:3:      minmay_thinvault, layout_basic, lemuel_tele_altar,
          lemuel_doored_altar, serial_rivers, chequers_serial_rivers_micro_a,
          chequers_serial_rivers_micro_a, chequers_serial_rivers_micro_c,
          chequers_serial_rivers_room_a, chequers_serial_rivers_room_a,
          chequers_serial_rivers_large_a
D:4:      layout_gridville, grunt_ministairs_5, nicolae_elemental_shop,
          chequers_serial_rivers_small_a, uniq_natasha
D:5:      layout_loops_ring, grunt_ministairs_3
D:6:      layout_layer_cave, minmay_temple_entry_arrows
Temple:   regret_index_temple_sphere_string

Skill      XL: |  1  2  3  4  5  6  7  8 |
---------------+-------------------------+-----
Conjurations   | 2 3 4 5 |  5.0
Fire Magic     | 4 5 6 |  6.2
Spellcasting   | 3 4 5 |  5.3
Maces & Flails | 1 2 3 |  3.0
Dodging        | 2 |  2.4
Fighting       | 1 |  1.5
Hexes          | 1 |  1.5
Stealth        | |  2.1

Action                   |  1- 3 |  4- 6 |  7- 9 || total
-------------------------+-------+-------+-------++-------
Melee: Mace              |    18 |    29 |    64 ||   111
       Unarmed           |     3 |       |       ||     3
 Cast: Foxfire           |    58 |   155 |    65 ||   278
       Conjure Flame     |       |     1 |       ||     1
  Use: Scroll            |     4 |     6 |     4 ||    14
       Potion            |       |       |     1 ||     1
 Stab: Sleeping          |       |       |     1 ||     1
Armor: Robe              |    26 |    16 |    40 ||    82
Dodge: Dodged            |    33 |    32 |    83 ||   148

Table legend: (Time is in decaauts)
 A = Elapsed time spent in this place.
 B = Non-inter-level travel time spent in this place.
 C = Inter-level travel time spent in this place.
 D = Time resting spent in this place.
 E = Time spent auto-exploring this place.
 F = Levels seen in this place.
 G = Mean time per level.
                   A        B        C        D        E       F      G
               +--------+--------+--------+--------+--------+-----+--------+
         Total |   7362 |   7179 |    183 |    343 |   5676 |   7 | 1051.7 |
       Dungeon |   7081 |   6924 |    157 |    343 |   5427 |   6 | 1180.2 |
        Temple |    280 |    255 |     25 |      0 |    249 |   1 |  280.0 |
               +--------+--------+--------+--------+--------+-----+--------+

Top non-repeatable levels by time:
     D:3: 1968 daAuts
     D:5: 1335 daAuts
     D:2: 1323 daAuts
     D:4: 1285 daAuts
     D:1: 894 daAuts
  Temple: 280 daAuts
     D:6: 275 daAuts
